 Dungeon Sprint DCSS version 0.30-a0-881-g1ff12e1e11 (webtiles) character file.

Game seed: 15754504935635787795

5555 testman the Frost Mage (level 10, -7/92 HPs)
             Began as a Merfolk Ice Elementalist on Mar 14, 2023.
             Was a High Priest of Vehumet.
             Mangled by a demonic crawler (14 damage)
             ... in the Dungeon (Sprint I: "Red Sonja").
             The game lasted 00:30:04 (1535 turns).

testman the Frost Mage (Merfolk Ice Elementalist)   Turns: 1535, Time: 00:30:05

Health: -7/92      AC:  9    Str: 10    XL:     10   Next: 71%
Magic:  21/34      EV: 18    Int: 21    God:    Vehumet [*****.]
Gold:   144        SH:  5    Dex: 14    Spells: 16/31 levels left

rFire   . . .      SeeInvis .    i - +4 quick blade of the Jolly Persimmons {flame, rC+ MP+9}
rCold   + . .      Faith    .    (no shield)
rNeg    . . .      Spirit   .    j - +0 troll leather armour
rPois   .          Reflect  +    (no helmet)
rElec   +          Rampage  +    (no cloak)
rCorr   .          NoTele   +    (no gloves)
Will    .....      Harm     + .  q - +0 pair of boots {rampage}
Stlth   ++                       o - amulet "Funkepn" {Reflect Harm *Corrode rElec Int+3 SH+5}
HPRegen 1.15/turn                (no ring)
MPRegen 0.24/turn                (no ring)

@: ice-armoured, corroded, freezing walls
A: (nimble swimmer 2), mertail
a: Renounce Religion


You were in the Dungeon.
You worshipped Vehumet.
Vehumet was extremely pleased with you.
You visited 1 branch You collected 2239 gold pieces.
You spent 2095 gold pieces at shops.

Inventory:

Hand Weapons
 c - a +1 short sword of venom
 h - a +0 dagger
 i - the +4 quick blade of the Jolly Persimmons (weapon) {flame, rC+ MP+9}
   (You bought it in a shop in the Dungeon)

   rC:        It protects you from cold.
   MP:        It affects your magic capacity (+9).
Armour
 a - a +0 robe
 j - a +0 troll leather armour (worn)
 p - the +0 robe of the Shining One {Rampage rC+}
   (You bought it in a shop in the Dungeon)

   rC:        It protects you from cold.
   Rampage:   It bestows one free step when moving towards enemies.
 q - a +0 pair of boots of rampaging (worn)
 r - a +1 helmet
Jewellery
 o - the amulet "Funkepn" (around neck) {Reflect Harm *Corrode rElec Int+3 SH+5}
   (You bought it in a shop in the Dungeon)

   [amulet of reflection]

   It reflects blocked missile attacks.
   Int:       It affects your intelligence (+3).
   rElec:     It insulates you from electricity.
   *Corrode:  It may corrode you when you take damage.
   SH:        It affects your SH (+5).
   Harm:      It increases damage dealt and taken.
Wands
 f - a wand of roots (12)
 k - a wand of quicksilver (2)
Scrolls
 d - a scroll of brand weapon
 g - a scroll of blinking
 l - a scroll of amnesia
 s - a scroll of enchant armour
 t - a scroll of fear
 x - a scroll of fog {unknown}
Potions
 b - 3 potions of magic
 e - a potion of haste
 m - 3 potions of curing
 n - 2 potions of attraction
 u - a potion of heal wounds
 w - a potion of mutation


   Skills:
 + Level 13.6 Fighting
 - Level 5.6 Short Blades
 - Level 13.5 Dodging
 - Level 2.1 Stealth
 - Level 0.2 Unarmed Combat
 - Level 11.0 Spellcasting
 + Level 3.7 Conjurations
 - Level 4.0 Hexes
 - Level 4.0 Summonings
 - Level 14.4 Ice Magic


You had 16 spell levels left.
You knew the following spells:

 Your Spells              Type           Power      Damage    Failure   Level
a - Freeze                Ice            100%       1d10      0%          1
b - Frozen Ramparts       Ice            100%       1d16      1%          3
c - Ozocubu's Armour      Ice            64%        N/A       1%          3
d - Summon Ice Beast      Ice/Summ       50%        N/A       1%          4
e - Fulminant Prism       Conj/Hex       13%        3d8       4%          4

Your spell library contained the following spells:

 Spells                   Type           Power      Damage    Failure   Level
 Conjure Ball Lightning   Conj/Air       9%         3x3d6     78%         6


Dungeon Overview and Level Annotations

Branches:
Dungeon (1/1)

Altars:
Cheibriados
Dithmenos
Elyvilon
Fedhas
Gozag
Hepliaklqana
Kikubaaqudgha
Makhleb
Nemelex Xobeh
Okawaru
Qazlal
Ru
Sif Muna
Trog
Uskayaw
Vehumet
Wu Jian
Xom
Yredelemnul
Zin
The Shining One
Jiyva
Lugonu

Shops:
D (*[!*[(*:[=!(!:[?


Innate Abilities, Weirdness & Mutations

((You are very nimble when in or above water. (Stealth+, EV+, Speed+++)))
Your lower body shifts to a powerful aquatic tail in water.


Message History

The wall freezes the demonic crawler but does no damage.
The demonic crawler closely misses you. The demonic crawler misses you.
You block the demonic crawler's attack.
The wall freezes the demonic crawler. x2
Your ice beast hits the demonic crawler but does no damage.
The wall freezes the demonic crawler.
You block the demonic crawler's attack.
The demonic crawler closely misses you. x2
Okay, then.
Okay, then.
You hit the demonic crawler but do no damage.
The wall freezes the demonic crawler!
The demonic crawler hits you but does no damage. x2
The demonic crawler hits you!
* * * LOW HITPOINT WARNING * * *
Unknown command.
Okay, then.
Press: ? - help, v - describe, . - travel The floor, spattered with blood.
Press: ? - help, v - describe, . - travel
Here: a demonic crawler (lightly wounded)
An open door.
Okay, then.
Okay, then.
Aiming: Fastroot
Press: ? - help, Shift-Dir - straight line, f - demonic crawler, p - demonic crawler
Aim: a demonic crawler (lightly wounded)
The roots erupt in riotous growth!
Roots grab the demonic crawler. x4
The grasping roots constrict the demonic crawler.
The grasping roots constrict the demonic crawler, but do no damage.
The grasping roots constrict the demonic crawler. x2
The wall freezes the demonic crawler.
The wall freezes the demonic crawler but does no damage.
The demonic crawler closely misses you. x2; The demonic crawler hits you!
* * * LOW HITPOINT WARNING * * *
The wall freezes the demonic crawler.
Your ice beast hits the demonic crawler but does no damage.
The wall freezes the demonic crawler!
The demonic crawler hits you.
* * * LOW HITPOINT WARNING * * *
The demonic crawler hits you!
You die...

##################
.#..'..#__#..')..#
.').#..'..'.)#.Ys##+#
'#####'#__####..@ss.#
.#...#(####[§#####s.+
##..##.#§§§..#..# ##
_##'#_.'~~~§§'§.#
..(..._#~~~§§#..#
_##_.#'##'#####'###
_###'#.#(§§.###.§.#
####.####)###.###§#
..'...'...).'.∩##§#


You could see 4 demonic crawlers and a friendly ice beast (summoned).

Vanquished Creatures
  2 centaur warriors (D)
  Sonja (D)
  A deep troll (D)
  2 unseen horrors (D)
  A kobold demonologist (D)
  A slime creature (D)
  Sigmund (D)
  A yak (D)
  A redback (D)
  2 floating eyes (D)
  An ogre (D)
  6 necrophages (D)
  7 jellies (D)
  Ijyb (D)
28 creatures vanquished.

Vanquished Creatures (collateral kills)
  An oklob plant (D)
  A kobold demonologist (D)
  A hornet (D)
  A redback (D)
  A necrophage (D)
  A jelly (D)
6 creatures vanquished.

Vanquished Creatures (others)
  2 ballistomycete spores (D)
  A fulminant prism (D)
3 creatures vanquished.

Grand Total: 37 creatures vanquished

Notes
Turn   | Place    | Note
-------+----------+-------------------------------------------
     0 | D        | testman the Merfolk Ice Elementalist began the quest for
                  | the Orb.
     0 | D        | Reached XP level 1. HP: 13/13 MP: 3/3
     1 | D        | Noticed Ijyb
    13 | D        | Killed Ijyb
    14 | D        | Reached skill level 7 in Ice Magic
    14 | D        | Reached XP level 2. HP: 10/19 MP: 0/5
    65 | D        | Noticed an ogre
    70 | D        | Killed an ogre
    71 | D        | Reached skill level 8 in Ice Magic
    71 | D        | Reached XP level 3. HP: 31/31 MP: 4/8
    71 | D        | Reached XP level 4. HP: 38/38 MP: 5/10
    75 | D        | Learned a level 3 spell: Frozen Ramparts
    79 | D        | Learned a level 3 spell: Ozocubu's Armour
    94 | D        | Noticed Sigmund
   102 | D        | Killed Sigmund
   103 | D        | Reached skill level 5 in Spellcasting
   103 | D        | Reached skill level 9 in Ice Magic
   103 | D        | Reached XP level 5. HP: 46/46 MP: 2/13
   103 | D        | Reached XP level 6. HP: 52/52 MP: 2/14
   108 | D        | Learned a level 4 spell: Summon Ice Beast
   192 | D        | Found an ornate altar of the Wu Jian Council.
   192 | D        | Found a shimmering blue altar of Sif Muna.
   194 | D        | Found a radiant altar of Vehumet.
   265 | D        | Found a burning altar of Makhleb.
   265 | D        | Found a viscous altar of Jiyva.
   265 | D        | Found a shimmering altar of Xom.
   265 | D        | Found a corrupted altar of Lugonu.
   265 | D        | Noticed a slime creature
   274 | D        | Killed a slime creature
   275 | D        | Reached skill level 5 in Dodging
   275 | D        | Reached skill level 10 in Ice Magic
   275 | D        | Reached XP level 7. HP: 47/60 MP: 8/16
   281 | D        | Became a worshipper of Vehumet
   282 | D        | Found Ryhantu's General Store.
   282 | D        | Found an ancient bone altar of Kikubaaqudgha.
   282 | D        | Found a stormy altar of Qazlal.
   282 | D        | Found a blossoming altar of Fedhas.
   282 | D        | Found a bloodstained altar of Trog.
   282 | D        | Found an iron altar of Okawaru.
   282 | D        | Found a glowing golden altar of the Shining One.
   282 | D        | Found a glowing silver altar of Zin.
   282 | D        | Found a white marble altar of Elyvilon.
   282 | D        | Noticed a yak
   292 | D        | Killed a yak
   293 | D        | Found a hazy altar of Hepliaklqana.
   293 | D        | Found a hide-covered altar of Uskayaw.
   293 | D        | Found a basalt altar of Yredelemnul.
   293 | D        | Found an opulent altar of Gozag.
   293 | D        | Found a snail-covered altar of Cheibriados.
   293 | D        | Found a sacrificial altar of Ru.
   293 | D        | Found a shadowy altar of Dithmenos.
   294 | D        | Found a sparkling altar of Nemelex Xobeh.
   298 | D        | Bought a scroll of identify for 24 gold pieces
   420 | D        | Noticed a kobold demonologist
   420 | D        | Noticed a kobold demonologist
   421 | D        | Paralysed by a floating eye for 2 turns
   423 | D        | Reached skill level 11 in Ice Magic
   425 | D        | Killed a kobold demonologist
   425 | D        | Reached * piety under Vehumet
   425 | D        | Offered knowledge of Shock by Vehumet.
   426 | D        | Reached XP level 8. HP: 70/70 MP: 7/19
   436 | D        | Killed a kobold demonologist
   522 | D        | Noticed Sonja
   538 | D        | Killed Sonja
   539 | D        | Reached skill level 10 in Fighting
   539 | D        | Reached skill level 10 in Dodging
   539 | D        | Reached skill level 12 in Ice Magic
   539 | D        | Reached XP level 9. HP: 71/79 MP: 5/22
   651 | D        | Found Plog's Antique Weapon Boutique.
   671 | D        | Noticed a deep troll
   676 | D        | Killed a deep troll
   676 | D        | Reached ** piety under Vehumet
   676 | D        | Offered knowledge of Scorch by Vehumet.
   677 | D        | Reached skill level 5 in Short Blades
   677 | D        | Reached skill level 13 in Ice Magic
   746 | D        | Found Ycoil's Armour Emporium.
   770 | D        | Bought the amulet "Funkepn" {Reflect Harm *Corrode rElec
                  | Int+3 SH+5} for 536 gold pieces
   788 | D        | Noticed a centaur warrior
   788 | D        | Noticed a centaur warrior
   797 | D        | Killed a centaur warrior
   798 | D        | Reached skill level 10 in Spellcasting
   802 | D        | Killed a centaur warrior
   803 | D        | Reached XP level 10. HP: 54/89 MP: 14/24
   872 | D        | Offered knowledge of Kindle Blastsparks by Vehumet.
   873 | D        | Reached skill level 14 in Ice Magic
   885 | D        | Noticed an oklob plant
   896 | D        | Killed an oklob plant
   896 | D        | Reached *** piety under Vehumet
  1104 | D        | Offered knowledge of Fulminant Prism by Vehumet.
  1110 | D        | Learned a level 4 spell: Fulminant Prism
  1170 | D        | Reached skill level 1 in Hexes
  1190 | D        | Reached **** piety under Vehumet
  1190 | D        | Offered knowledge of Flame Wave by Vehumet.
  1191 | D        | Reached skill level 1 in Conjurations
  1192 | D        | Killed an unseen horror
  1198 | D        | Reached ***** piety under Vehumet
  1202 | D        | Killed an unseen horror
  1317 | D        | Offered knowledge of Conjure Ball Lightning by Vehumet.
  1353 | D        | Found Rohi's Distillery.
  1353 | D        | Found Ytouciumu's Armour Shop.
  1353 | D        | Found Rauntiz's Assorted Antiques.
  1355 | D        | Found Cihemuwn's Antique Armour Emporium.
  1355 | D        | Found Olyucent's Weapon Shop.
  1355 | D        | Found Unouw's Assorted Antiques.
  1355 | D        | Found Xurueb's Book Boutique.
  1355 | D        | Found Noralud's Armour Emporium.
  1355 | D        | Found Donuuq's Jewellery Shop.
  1355 | D        | Found Ethogg's Distillery.
  1359 | D        | Found Unwil's Weapon Boutique.
  1360 | D        | Found Akeliuh's Book Emporium.
  1360 | D        | Found Atheovia's Distillery.
  1361 | D        | Found Fejyimux's Magic Scroll Emporium.
  1378 | D        | Bought the +4 quick blade of the Jolly Persimmons {flame,
                  | rC+ MP+9} for 799 gold pieces
  1381 | D        | Bought a heavy robe for 125 gold pieces
  1381 | D        | Identified the +0 robe of the Shining One {Rampage rC+}
                  | (You bought it in a shop in the Dungeon)
  1385 | D        | Bought a pair of glowing boots for 202 gold pieces
  1426 | D        | Bought a +1 helmet for 138 gold pieces
  1458 | D        | Bought a scroll of enchant armour for 82 gold pieces
  1458 | D        | Bought a scroll of fear for 44 gold pieces
  1461 | D        | Bought a potion of heal wounds for 50 gold pieces
  1464 | D        | Bought a scroll of identify for 22 gold pieces
  1464 | D        | Bought a scroll of identify for 22 gold pieces
  1471 | D        | Bought a dark potion for 24 gold pieces
  1471 | D        | Bought a scroll labelled SODIGU POYKHLAI for 27 gold pieces
  1522 | D        | Noticed a demonic crawler
  1522 | D        | Noticed a demonic crawler
  1522 | D        | Noticed a demonic crawler
  1522 | D        | Noticed a demonic crawler
  1535 | D        | Mangled by a demonic crawler

Illustrated notes

Levels and vault maps discovered:
D:        dungeon_sprint_1 [red_sonja_temple_1, red_sonja_temple_small_1]

Skill      XL: |  1  2  3  4  5  6  7  8  9 10 |
---------------+-------------------------------+-----
Ice Magic      | 7 8 9 10 11 12 13 14 | 14.4
Fighting       | 4 6 7 8 10 12 13 | 13.6
Spellcasting   | 4 5 6 7 9 10 11 | 11.0
Summonings     | 3 4 |  4.0
Short Blades   | 4 5 |  5.6
Dodging        | 5 8 10 12 13 | 13.5
Hexes          | 4 |  4.0
Conjurations   | 3 |  3.7
Stealth        | |  2.1
Unarmed Combat | |  0.2

Action                     |  1- 3 |  4- 6 |  7- 9 | 10-12 || total
---------------------------+-------+-------+-------+-------++-------
  Melee: Unarmed           |     6 |       |       |       ||     6
         Dagger            |     2 |     9 |    16 |       ||    27
         Punch             |       |       |     3 |     2 ||     5
         Short sword       |       |       |     6 |    55 ||    61
         Quick blade       |       |       |       |    10 ||    10
   Cast: Freeze            |     4 |     1 |     4 |     3 ||    12
         Frozen Ramparts   |       |     3 |     7 |    12 ||    22
         Ozocubu's Armour  |       |     2 |     5 |     9 ||    16
         Summon Ice Beast  |       |       |     5 |     8 ||    13
         Fulminant Prism   |       |       |       |     1 ||     1
  Evoke: Wand              |     1 |       |     1 |     1 ||     3
    Use: Potion            |     1 |       |     2 |       ||     3
         Scroll            |       |       |       |     4 ||     4
   Stab: Sleeping          |     1 |       |       |       ||     1
 Armour: Robe              |       |     4 |    10 |       ||    14
         Troll leather arm |       |       |       |    28 ||    28
  Dodge: Dodged            |     4 |     5 |    21 |    47 ||    77
  Block: Other             |       |       |     4 |    11 ||    15
         Reflection        |       |       |     1 |       ||     1

Table legend: (Time is in decaauts)
 A = Elapsed time spent in this place.
 B = Non-inter-level travel time spent in this place.
 C = Inter-level travel time spent in this place.
 D = Time resting spent in this place.
 E = Time spent auto-exploring this place.
 F = Levels seen in this place.
 G = Mean time per level.
                   A        B        C        D        E       F      G
               +--------+--------+--------+--------+--------+-----+--------+
         Total |   1512 |   1261 |    251 |    638 |     58 |   1 | 1512.0 |
       Dungeon |   1512 |   1261 |    251 |    638 |     58 |   1 | 1512.0 |
               +--------+--------+--------+--------+--------+-----+--------+

Top non-repeatable levels by time:
       D: 1512 daAuts
